 Dungeon Crawl Stone Soup version 0.20.0-15-g7f486f2 (webtiles) character file.

22987 TheGamingCockatoo the Bludgeoner (level 12, -7/168 HPs)
             Began as a Minotaur Berserker on June 10, 2017.
             Was an Elder of Trog.
             Killed from afar by a dream sheep (19 damage)
             ... with an exploding inner flame
             ... hexed by the player character
             ... on level 4 of the Lair of Beasts.
             The game lasted 01:01:29 (22316 turns).

TheGamingCockatoo the Bludgeoner (MiBe)            Turns: 22316, Time: 01:01:30

Health: -7/168     AC: 13    Str: 29    XL:     12   Next: 67%
Magic:  0/6        EV: 16    Int:  7    God:    Trog [****..]
Gold:   815        SH:  0    Dex: 13    Spells: 11/11 levels left

rFire    + . .     SeeInvis .   V - +1 great mace (antimagic)
rCold    . . .     Gourm    .   (shield currently unavailable)
rNeg     . . .     Faith    .   S - +2 scale mail {MR+}
rPois    .         Spirit   +   d - +1 hat {Int+3}
rElec    .         Reflect  .   (no cloak)
rCorr    .         Harm     .   G - +0 pair of gloves
MR       +....                  (no boots)
Stlth    ..........             h - amulet of guardian spirit
Regen    0.4/turn               w - ring of protection from fire
MPRegen  0.1/turn               C - ring of magical power

@: berserking, lethally poisoned (-7 -> -7), very quick
A: retaliatory headbutt, horns 2
a: Berserk, Trog's Hand, Brothers in Arms, Burn Spellbooks, Renounce Religion


You were on level 4 of the Lair of Beasts.
You worshipped Trog.
Trog was greatly pleased with you.
You were not hungry.

You visited 2 branches of the dungeon, and saw 14 of its levels.

You collected 815 gold pieces.

Inventory:

Hand Weapons
 a - a +0 mace
 s - a +0 flail
 V - a +1 antimagic great mace (weapon)
Armour
 d - a +1 hat of intelligence (worn)
 e - a cursed +0 helmet
 y - a +2 centaur barding
 A - a +2 leather armour of fire resistance
 G - a +0 pair of gloves (worn)
 S - a +2 scale mail of magic resistance (worn)
Jewellery
 b - a cursed ring of teleportation {unknown}
 h - an amulet of guardian spirit (around neck)
 w - a ring of protection from fire (left hand)
 C - a ring of magical power (right hand)
 F - a +3 ring of intelligence {unknown}
 M - an uncursed ring of resist corrosion {unknown}
 N - an uncursed amulet of rage {unknown}
 X - a +3 ring of protection {unknown}
Wands
 c - a wand of clouds (3/9)
 v - a wand of enslavement (4/24)
 D - a wand of scattershot (4/9)
 I - a wand of iceblast (1/15)
 J - a wand of disintegration (10/24)
 P - a wand of lightning (5/15)
 W - a wand of random effects (27/48)
 Y - a wand of polymorph (11/24)
 Z - a wand of lightning (2/15)
Scrolls
 f - 6 scrolls of remove curse
 o - 3 scrolls of recharging
 p - 3 scrolls of teleportation
 r - a scroll of acquirement {unknown}
 t - a scroll of fear {unknown}
 u - 4 scrolls of immolation
 z - 8 scrolls of identify
 B - 3 scrolls of amnesia
 E - 2 scrolls of random uselessness {unknown}
 K - a scroll of enchant armour {unknown}
 Q - a scroll of holy word {unknown}
Potions
 g - 3 potions of brilliance
 i - a potion of might {unknown}
 j - 4 potions of mutation {unknown}
 k - 2 potions of cancellation {unknown}
 m - a potion of berserk rage {unknown}
 q - 2 potions of lignification {unknown}
 x - 3 potions of degeneration {unknown}
 H - 2 potions of resistance {unknown}
 R - a potion of agility
 U - a potion of curing
Miscellaneous
 O - a crystal ball of energy
Comestibles
 l - 3 meat rations
 n - 5 royal jellies
 L - 3 fruits


   Skills:
 + Level 12.0 Fighting
 * Level 15.8 Maces & Flails
 + Level 11.6 Armour
 + Level 10.5 Dodging


You had 11 spell levels left.
You didn't know any spells.

Dungeon Overview and Level Annotations

Branches:
Dungeon (10/15)            Temple (0/1) D:5            Lair (4/6) D:8
  Snake (0/4) Lair:4
  Swamp: Lair:2-4    Shoals: Lair:2-4       Orc: D:9-12

Altars:
Dithmenos
Elyvilon
Hepliaklqana
Kikubaaqudgha
Makhleb
Okawaru
Ru

Shops:
D:7 ?   D:10 *

Annotations:
Lair:3 Rupert


Innate Abilities, Weirdness & Mutations

You reflexively headbutt those who attack you in melee.
You have a pair of horns on your head.


Message History

You barely miss the dream sheep. Your headbutt misses the dream sheep.
The dream sheep is heavily wounded.
The dream sheep bites you but does no damage.
You sock the dream sheep!
The dream sheep explodes!
The fiery explosion engulfs you! You resist.
* * * LOW HITPOINT WARNING * * *
The fiery explosion engulfs the dream sheep.
The dream sheep explodes!
The fiery explosion engulfs the dream sheep.
The dream sheep explodes!
The fiery explosion engulfs you! You resist.
* * * LOW HITPOINT WARNING * * *
The fiery explosion engulfs the dream sheep.
The dream sheep explodes!
The fiery explosion engulfs you! You resist.
* * * LOW HITPOINT WARNING * * *
Trog accepts your kill. x2
The fiery explosion engulfs you! You resist.
You die...

#.#.P♣...♣≈.####......##
..# ♣♣.♣♣P.##..%......##
#.#≈♣♣≈...P.##..........#
..##PP≈.♣≈P###.........##
.######.####....%.......#
.....##............%....#
.....#.................##
.###......#.#.§§§.§....#
.####.........§§@§§.†..#
..##P.♣♣♣♣♣♣♣.§§§§§....#
......♣ ♣...§.§....#
.#....♣ ♣..........#
......♣ ♣..........#
....#.♣ ♣..........#
....#.♣ ♣..........#
...>..♣♣♣♣♣♣♣....%.....#
........................#


There were no monsters in sight!

Vanquished Creatures
  Gastronok (Lair:2)
  3 two-headed ogres
  A queen ant (Lair:2)
  An unseen horror (D:10)
  A black mamba (Lair:1)
  4 elephants (Lair:2)
  5 spiny frogs
  2 komodo dragons
  A troll (D:10)
  5 dream sheep (Lair:4)
  5 blink frogs (Lair:3)
  8 hippogriffs
  19 yaks
  A vampire (D:10)
  Eustachio (D:5)
  A hungry ghost (D:10)
  7 water moccasins
  8 soldier ants
  2 hell hounds (D:8)
  7 porcupines
  4 orc warriors
  2 ice beasts
  A black bear (D:8)
  6 ogres
  An eye of draining (D:10)
  4 centaurs
  A wolf (Lair:2)
  10 crocodiles
  The ghost of sergedm the Conjurer, an amateur DECj (D:3)
  11 bullfrogs
  A wyvern skeleton (D:4)
  3 scorpions
  5 killer bees (D:8)
  4 howler monkeys
  3 wights (D:10)
  5 crimson imps
  A quasit (D:8)
  4 orc priests
  2 hounds
  A jelly (D:6)
  6 orc wizards
  A bullfrog skeleton (D:8)
  A gnoll shaman (D:7)
  Jessica (D:2)
  An iguana (D:7)
  31 worker ants
  A killer bee zombie (D:6)
  A hound skeleton (D:5)
  A worker ant zombie (D:8)
  9 gnolls
  2 howler monkey skeletons
  11 adders
  2 shadow imps
  An ooze (D:2)
  An adder zombie (D:6)
  7 worms
  5 dart slugs
  5 leopard geckos
  29 orcs
  A ball python (D:2)
  4 giant cockroaches
  4 goblins
  5 hobgoblins
  14 jackals
  6 kobolds
  4 quokkas
  4 bats
  5 frilled lizards
  2 jackal skeletons
  A quokka skeleton (D:4)
  11 rats
  A fungus (Lair:2)
  2 plants (Lair:2)
  2 withered plants (D:4)
335 creatures vanquished.

Vanquished Creatures (collateral kills)
  3 wolves (Lair:2)
  A butterfly (Lair:2)
4 creatures vanquished.

Vanquished Creatures (others)
  A water moccasin (Lair:3)
  3 fungi
  A withered plant (D:4)
5 creatures vanquished.

Grand Total: 344 creatures vanquished

Notes
Turn   | Place    | Note
-------+----------+-------------------------------------------
     0 | D:1      | TheGamingCockatoo the Minotaur Berserker began the quest for the Orb.
     0 | D:1      | Reached XP level 1. HP: 19/19 MP: 0/0
   323 | D:1      | Reached XP level 2. HP: 27/27 MP: 1/1
   331 | D:1      | Reached skill level 4 in Maces & Flails
   780 | D:1      | Reached XP level 3. HP: 32/33 MP: 2/2
  1279 | D:2      | Reached ** piety under Trog
  1346 | D:2      | Found a shadowy altar of Dithmenos.
  1637 | D:2      | Reached XP level 4. HP: 31/40 MP: 3/3
  1938 | D:2      | Noticed Jessica
  1943 | D:2      | Killed Jessica
  1943 | D:2      | Reached skill level 5 in Maces & Flails
  1983 | D:2      | Found a burning altar of Makhleb.
  1988 | D:2      | Reached XP level 5. HP: 46/47 MP: 4/4
  2263 | D:3      | Noticed sergedm's ghost (amateur DECj)
  2270 | D:3      | Killed sergedm's ghost
  2270 | D:3      | Reached skill level 5 in Fighting
  2276 | D:3      | Reached *** piety under Trog
  2539 | D:4      | Reached skill level 6 in Maces & Flails
  2539 | D:4      | Reached XP level 6. HP: 46/56 MP: 5/5
  3744 | D:4      | Found an ancient bone altar of Kikubaaqudgha.
  3781 | D:4      | Reached XP level 7. HP: 62/62 MP: 6/6
  3842 | D:4      | Found a hazy altar of Hepliaklqana.
  4104 | D:5      | Entered Level 5 of the Dungeon
  4145 | D:5      | Found a sacrificial altar of Ru.
  4173 | D:5      | Noticed Eustachio
  4194 | D:5      | Killed Eustachio
  4194 | D:5      | Reached skill level 7 in Maces & Flails
  4447 | D:5      | Reached skill level 5 in Armour
  4940 | D:5      | Reached XP level 8. HP: 71/71 MP: 7/7
  4941 | D:5      | Reached skill level 8 in Maces & Flails
  5004 | D:5      | Reached **** piety under Trog
  5007 | D:5      | Reached skill level 5 in Dodging
  5231 | D:5      | Found a staircase to the Ecumenical Temple.
  6043 | D:6      | Reached skill level 9 in Maces & Flails
  6660 | D:6      | Reached XP level 9. HP: 62/79 MP: 8/8
  7024 | D:7      | Found Geasell's Magic Scroll Boutique.
  7453 | D:7      | Reached skill level 10 in Maces & Flails
  8558 | D:8      | Found a staircase to the Lair.
  9023 | D:8      | Found an iron altar of Okawaru.
  9310 | D:8      | Noticed a two-headed ogre
  9318 | D:8      | Killed a two-headed ogre
  9318 | D:8      | Reached skill level 11 in Maces & Flails
  9654 | D:8      | Reached XP level 10. HP: 90/90 MP: 9/9
  9830 | D:9      | Reached ***** piety under Trog
 10561 | D:9      | Reached skill level 12 in Maces & Flails
 10683 | D:9      | Found a white marble altar of Elyvilon.
 10722 | D:9      | Found a shadowy altar of Dithmenos.
 11228 | D:9      | Noticed a two-headed ogre
 11240 | D:9      | Killed a two-headed ogre
 11864 | D:10     | Entered Level 10 of the Dungeon
 12160 | D:10     | Noticed a two-headed ogre
 12161 | D:10     | Found Ceraf's General Store.
 12172 | D:10     | Killed a two-headed ogre
 12483 | D:10     | Reached XP level 11. HP: 92/99 MP: 10/10
 12623 | D:10     | Reached skill level 10 in Fighting
 12623 | D:10     | Reached skill level 13 in Maces & Flails
 12706 | D:10     | Received a gift from Trog
 13055 | D:10     | Killed an unseen horror
 14176 | Lair:1   | Entered Level 1 of the Lair of Beasts
 14270 | D:8      | Reached skill level 10 in Armour
 16541 | Lair:2   | Reached skill level 14 in Maces & Flails
 16865 | Lair:2   | Noticed Gastronok
 16878 | Lair:2   | Killed Gastronok
 17415 | Lair:2   | Reached XP level 12. HP: 110/110 MP: 6/11
 18004 | Lair:2   | Noticed a queen ant
 19314 | Lair:2   | Reached skill level 10 in Dodging
 19373 | Lair:2   | Killed a queen ant
 19373 | Lair:2   | Reached skill level 15 in Maces & Flails
 20570 | Lair:3   | Noticed Rupert
 20678 | Lair:3   | Paralysed by Rupert for 5 turns
 21367 | Lair:4   | Found a staircase to the Snake Pit.
 22316 | Lair:4   | Killed from afar by a dream sheep

Skill      XL: |  1  2  3  4  5  6  7  8  9 10 11 12 |
---------------+-------------------------------------+-----
Fighting       | 4 5 6 7 8 9 11 12 | 12.0
Maces & Flails | 4 5 6 7 9 11 12 14 15 | 15.8
Armour         | 3 4 5 6 8 9 10 11 | 11.6
Dodging        | 3 4 5 7 8 9 10 | 10.5

Action                   |  1- 3 |  4- 6 |  7- 9 | 10-12 || total
-------------------------+-------+-------+-------+-------++-------
Melee: Mace              |    90 |    82 |       |       ||   172
       Headbutt          |    13 |    31 |    61 |   141 ||   246
       Flail             |       |    41 |   276 |   174 ||   491
       Great mace        |       |       |       |   373 ||   373
Invok: Berserk           |     1 |     1 |     9 |     8 ||    19
       Burn Spellbooks   |       |     1 |     1 |     1 ||     3
       Brothers in Arms  |       |       |       |     5 ||     5
Evoke: Wand              |       |       |       |     6 ||     6
  Use: Scroll            |       |     2 |     8 |     7 ||    17
       Potion            |       |       |       |     2 ||     2
 Stab: Distracted        |       |       |       |     1 ||     1
  Eat: Chunk             |     3 |     5 |     8 |    13 ||    29
       Fruit             |       |     1 |     2 |     3 ||     6
       Royal jelly       |       |     1 |     1 |     1 ||     3
       Bread ration      |       |       |     3 |     4 ||     7
       Meat ration       |       |       |       |     4 ||     4
Armor: Chain mail        |    65 |    57 |    88 |       ||   210
       Animal skin       |     2 |       |       |       ||     2
       Scale mail        |       |     1 |       |    95 ||    96
       Ring mail         |       |       |    18 |       ||    18
       Plate armour      |       |       |    36 |    66 ||   102
       Troll leather arm |       |       |       |    18 ||    18
Dodge: Dodged            |    41 |    69 |   194 |   408 ||   712
Block: Buckler           |       |       |    11 |       ||    11
